 Dungeon Crawl Stone Soup version 0.31-a0-233-g139696dc86 (webtiles) character file.

Game seed: 9853455148848498636

53 qw the Shooter (level 3, -4/29 HPs)
             Began as a Minotaur Hexslinger on July 8, 2023.
             Slain by a hobgoblin (6 damage)
             ... led by Robin
             ... on level 2 of the Dungeon.
             The game lasted 00:00:17 (861 turns).

qw the Shooter (Minotaur Hexslinger)                 Turns: 861, Time: 00:00:18

Health: -4/29      AC:  2    Str: 12    XL:     3   Next: 64%
Magic:  3/3        EV: 12    Int: 10    God:
Gold:   63         SH:  0    Dex: 14    Spells: 3/4 levels left

rFire   . . .        a - +1 sling
rCold   . . .        (no shield)
rNeg    . . .        c - +0 robe
rPois   .            (helmet restricted)
rElec   .            (no cloak)
rCorr   .            (no gloves)
SInv    .            (no boots)
Will    .....        (no amulet)
Stlth   +            (no ring)
HPRegen 0.24/turn    (no ring)
MPRegen 0.08/turn

%: no passive effects
@: no status effects
A: horns 2, retaliatory headbutt
a: no special abilities


You were on level 2 of the Dungeon.
You visited 1 branch of the dungeon, and saw 2 of its levels.

You collected 63 gold pieces.


Innate Abilities, Weirdness & Mutations

You have a pair of horns on your head.
You reflexively headbutt those who attack you in melee.


   Skills:
 - Level 2.0 Fighting
 + Level 4.2 Ranged Weapons
 - Level 2.1 Dodging
 - Level 1.0 Spellcasting
 - Level 2.0 Hexes


You had 3 spell levels left.
You knew the following spells:

 Your Spells              Type           Power      Damage    Failure   Level
a - Slow                  Hex            16%        N/A       16%         1

Your spell library contained the following spells:

 Spells                   Type           Power      Damage    Failure   Level
 Inner Flame              Hex/Fire       2%         N/A       56%         3
 Portal Projectile        Hex/Tloc       4%         N/A       56%         3
 Cause Fear               Hex            2%         N/A       83%         4

Inventory:

Hand Weapons
 a - a +1 sling (weapon)
Armour
 c - a +0 robe (worn)
Potions
 b - a potion of heal wounds {unknown}
 d - a potion of curing {unknown}
 e - a potion of berserk rage {unknown}
 f - a potion of mutation {unknown}
 g - a potion of invisibility {unknown}
 h - a potion of enlightenment {unknown}
 i - a potion of brilliance {unknown}

Dungeon Overview and Level Annotations

Branches:
Dungeon (2/15)

Altars:


Message History

You shoot a sling bullet. The sling bullet hits Robin.
Robin is severely wounded.
The hobgoblin no longer looks unusually strong. x2
Robin roars a battlecry!
The hobgoblins go into a battle-frenzy!
The hobgoblin closely misses you.
You shoot a sling bullet. The sling bullet hits Robin.
Robin is almost dead.
The hobgoblin misses you. You furiously retaliate!
You headbutt the hobgoblin!
You kill the hobgoblin!
Robin throws the goblin at you!
You shoot a sling bullet. The sling bullet hits Robin.
You kill Robin!
The goblin barely misses you. The goblin closely misses you.
You furiously retaliate!
You headbutt the goblin. The goblin barely misses you.
The goblin hits you but does no damage.
Your Ranged Weapons skill increases to level 4!
You shoot a sling bullet.
The sling bullet hits the goblin but does no damage.
The goblin is moderately wounded.
The goblin no longer looks unusually strong. x2
The goblin hits you with a +1 dagger of protection.
The goblin barely misses you. You furiously retaliate!
You headbutt the goblin.
You kill the goblin!
The goblin hits you with a +0 dagger.
You shoot a sling bullet. The sling bullet hits the goblin.
The goblin is heavily wounded.
The goblin barely misses you.
The goblin hits you with a +1 dagger of protection.
The hobgoblin barely misses you. You furiously retaliate!
You headbutt the hobgoblin, but do no damage.
You shoot a sling bullet. The sling bullet hits the goblin.
You kill the goblin!
The hobgoblin closely misses you. The goblin barely misses you.
You furiously retaliate!
You headbutt the goblin!
You kill the goblin!
You shoot a sling bullet. The sling bullet hits the hobgoblin.
The hobgoblin is moderately wounded.
The hobgoblin hits you.
You die...

#.# #......# #.#
#.###### #.# #.#
#.###.# ##..##.###
#........# . #.#.##.#.#
# ...........#)######
###......#..##.#@)....#
...............gg)###.#
..#.#%..##........# ###
#$.. ...%..#..#
##..###..# #(. #... ...
.... .# ###.#


You could see 2 hobgoblins.

Vanquished Creatures
  Robin (D:2)
  A dart slug (D:2)
  An orc (D:2)
  2 ball pythons (D:1)
  2 bats (D:1)
  A giant cockroach (D:1)
  7 hobgoblins
  2 quokkas (D:1)
  2 frilled lizards (D:1)
  12 goblins
  A rat (D:1)
32 creatures vanquished.

Notes
Turn   | Place    | Note
-------+----------+-------------------------------------------
     0 | D:1      | qw the Minotaur Hexslinger began the quest for the Orb.
     0 | D:1      | Reached XP level 1. HP: 16/16 MP: 1/1
     0 | D:1      | 0 ||| qw: Version: 0.3-a-46-gb1f654a
     0 | D:1      | 0 ||| qw: Game counter: 3397
     0 | D:1      | 0 ||| qw: Melee chars always use a shield: true
     0 | D:1      | 0 ||| qw: God list: Okawaru
     0 | D:1      | 0 ||| qw: Allow faded altars: false
     0 | D:1      | 0 ||| qw: Do Orc after clearing Dungeon:15 true
     0 | D:1      | 0 ||| qw: Do second Lair branch before Depths: true
     0 | D:1      | 0 ||| qw: Lair rune preference: random
     0 | D:1      | 0 ||| qw: Goals: Normal
     0 | D:1      | 0 ||| PLANNING D:1-11
   144 | D:1      | Reached skill level 3 in Ranged Weapons
   147 | D:1      | Reached XP level 2. HP: 23/23 MP: 2/2
   709 | D:1      | 709 ||| DROPPING scroll of poison.
   824 | D:2      | Reached XP level 3. HP: 29/29 MP: 3/3
   845 | D:2      | Noticed Robin
   857 | D:2      | Killed Robin
   858 | D:2      | Reached skill level 4 in Ranged Weapons
   858 | D:2      | HP: 7/29 [goblin/+1 dagger of protection[Robin] (5)]
   859 | D:2      | HP: 1/29 [goblin/+1 dagger of protection[Robin] (5)]
   861 | D:2      | Slain by a hobgoblin

Levels and vault maps discovered:
D:1:      dpeg_arrival_three_same_balls, layout_basic, serial_bayou_lake_a
D:2:      layout_loops_cross, minmay_randomly_rotated_circles, uniq_robin

Skill      XL: |  1  2  3 |
---------------+----------+-----
Ranged Weapons | 3 4 |  4.2
Fighting       | 2 |  2.0
Dodging        | |  2.1
Spellcasting   | |  1.0
Hexes          | |  2.0

Action                     || total
---------------------------++-------
   Fire: Sling             ||    68
 Armour: Robe              ||     6
  Dodge: Dodged            ||    26

Table legend:
 A = Non-vault XP
 B = Vault XP
 C = Vault XP percentage of total XP
 D = Non-vault monster count
 E = Vault monster count
 F = Vault count percentage of total count
                 A         B        C        D         E       F
            +---------+---------+-------+---------+---------+-------
      Total |      41 |      36 |  46.8 |      21 |      11 |  34.4
            +---------+---------+-------+---------+---------+-------
        D:1 |      32 |       0 |   0.0 |      18 |       0 |   0.0
        D:2 |       9 |      36 |  80.0 |       3 |      11 |  78.6
            +---------+---------+-------+---------+---------+-------
